 Dungeon Crawl Stone Soup version 0.27-a0-1140-g099f9bb0e8 (webtiles) character file.

Game seed: 952501028363242863

581 Vomitron the Stinger (level 7, -2/36 HPs)
             Began as a Deep Elf Venom Mage on May 8, 2021.
             Killed by divine providence
             ... invoked by an orc priest
              (13 damage)
             ... on level 4 of the Dungeon.
             The game lasted 00:11:40 (6434 turns).

Vomitron the Stinger (Deep Elf Venom Mage)          Turns: 6434, Time: 00:11:41

Health: -2/36      AC:  3    Str:  5    XL:     7   Next: 14%
Magic:  10/17      EV: 12    Int: 22    God:
Gold:   285        SH:  0    Dex: 15    Spells: 6/16 levels left

rFire    . . .     SeeInvis .   o - +0 dagger (drain)
rCold    . . .     Faith    .   (no shield)
rNeg     . . .     Spirit   .   a - +0 robe
rPois    .         Reflect  .   (no helmet)
rElec    .         Harm     .   (no cloak)
rCorr    .         Rampage  .   (no gloves)
Will     .....                  e - +0 pair of boots
Stlth    +++.......             (no amulet)
HPRegen  0.12/turn              (no ring)
MPRegen  0.15/turn              (no ring)

@: hasted, very quick
A: no striking features
a: no special abilities


You were on level 4 of the Dungeon.
You visited 1 branch of the dungeon, and saw 4 of its levels.

You collected 285 gold pieces.

Inventory:

Hand Weapons
 o - a +0 dagger of draining (weapon)
Armour
 a - a +0 robe (worn)
 e - a +0 pair of boots (worn)
Scrolls
 d - 2 scrolls of amnesia {unknown}
 h - 3 scrolls of identify {unknown}
 k - a scroll of blinking {unknown}
 l - a scroll of noise {unknown}
 m - a scroll of enchant weapon {unknown}
 n - a scroll of magic mapping {unknown}
Potions
 c - a potion of attraction {unknown}
 f - a potion of magic {unknown}
 g - a potion of resistance {unknown}
 i - a potion of flight {unknown}
 j - a potion of lignification {unknown}


   Skills:
 - Level 2.4 Dodging
 + Level 4.4 Stealth
 + Level 5.4 Spellcasting
 - Level 1.1 Transmutations
 + Level 3.1 Air Magic
 * Level 6.5 Poison Magic


You had 6 spell levels left.
You knew the following spells:

 Your Spells              Type           Power      Damage    Failure   Level
a - Sting                 Tmut/Pois      88%        1d7       1%          1
b - Poisonous Vapours     Pois/Air       54%        N/A       1%          2
c - Ignite Poison         Fire/Tmut/Pois 17%        N/A       11%         3
d - Olgreb's Toxic Radia  Pois           34%        N/A       7%          4

Your spell library contained the following spells:

 Spells                   Type           Power      Damage    Failure   Level
 Mephitic Cloud           Conj/Pois/Air  20%        N/A       8%          3


Dungeon Overview and Level Annotations

Branches:
Dungeon (4/15)
 Temple: D:4-7

Altars:
Cheibriados


Message History

Press: ? - help, v - describe, . - travel, g - get item
Here: an orc priest, wielding a +0 flail and wearing a +2 leather armour of poison resistance
Items here: a +0 ring mail; a +0 mace.
The floor.
Casting: Poisonous Vapours (safe; 2% risk of failure)
Confirm with . or Enter, or press ? or * to list all spells.
The spell is quite dangerous to cast (7% risk of failure)!
Continue anyway?
You begin to radiate toxic energy.
The orc priest is poisoned.
The orc wizard is poisoned.
The orc priest looks even sicker.
Unknown command.
Unknown command.
Unknown command.
You hit the orc priest but do no damage.
The orc wizard looks even sicker.
Your toxic aura wanes.
The orc priest mumbles some strange prayers to Beogh against you.
Pain shoots through your body!
Unknown command.
Unknown command.
Casting: Olgreb's Toxic Radiance (quite dangerous; 7% risk of failure)
Confirm with . or Enter, or press ? or * to list all spells.
The spell is quite dangerous to cast (11% risk of failure)!
Continue anyway?
You ignite the poison in your surroundings!
The orc wizard seems to burn from within!!
You kill the orc wizard!
The orc priest seems to burn from within!!
You kill the orc priest!
The orc priest hits you with a +0 flail!
* * * LOW HITPOINT WARNING * * *
Unknown command.
Unknown command.
You hit the orc priest but do no damage.
The orc priest misses you.
Unknown command.
It was a potion of haste.
You feel yourself speed up. The orc priest barely misses you.
You hit the orc priest but do no damage.
The orc priest invokes the aid of Beogh against you.
Beogh smites you!
You die...

### .. .
####...###..#
##
##.....##.##
#..>......#
##....g####
#.)..##
#)#.## #)#.#
#o#.# #@#.#
#[#.# #.#..
#.### .. #.#
#. ..# #. ###
#.#. #.#.
#.#h


You could see an orc priest.

Vanquished Creatures
  An ogre (D:4)
  A scorpion (D:4)
  A centaur zombie (D:3)
  A centaur skeleton (D:3)
  A gnoll shaman (D:4)
  4 orc priests
  An iron imp (D:4)
  2 orc wizards (D:4)
  A hound skeleton (D:3)
  A howler monkey zombie (D:3)
  5 gnolls (D:4)
  An adder (D:2)
  A worm (D:3)
  3 orcs
  3 ball pythons
  8 endoplasms
  2 giant cockroaches
  2 goblins
  7 hobgoblins
  9 jackals
  3 kobolds
  3 bats
  A frilled lizard (D:1)
  A giant cockroach zombie (D:3)
  A quokka skeleton (D:3)
  7 rats
71 creatures vanquished.

Notes
Turn   | Place    | Note
-------+----------+-------------------------------------------
     0 | D:1      | Vomitron the Deep Elf Venom Mage began the quest for the
                  | Orb.
     0 | D:1      | Reached XP level 1. HP: 10/10 MP: 6/6
   194 | D:1      | Reached XP level 2. HP: 15/15 MP: 6/8
   235 | D:1      | Learned a level 2 spell: Poisonous Vapours
   567 | D:1      | Found a faded altar of an unknown god.
   901 | D:1      | Reached skill level 4 in Poison Magic
  1359 | D:2      | Reached XP level 3. HP: 19/19 MP: 7/10
  1539 | D:2      | Learned a level 3 spell: Ignite Poison
  1818 | D:2      | Reached skill level 1 in Air Magic
  2730 | D:3      | Reached XP level 4. HP: 20/24 MP: 5/11
  2867 | D:4      | Noticed an ogre
  4797 | D:3      | Reached skill level 5 in Poison Magic
  4849 | D:3      | Reached XP level 5. HP: 23/28 MP: 5/13
  5218 | D:4      | Found a snail-covered altar of Cheibriados.
  5259 | D:4      | Killed an ogre
  5439 | D:4      | Learned a level 4 spell: Olgreb's Toxic Radiance
  5443 | D:4      | Noticed a phantom
  5702 | D:4      | Reached XP level 6. HP: 32/32 MP: 11/15
  5758 | D:4      | Reached skill level 5 in Spellcasting
  5881 | D:4      | Reached skill level 6 in Poison Magic
  6278 | D:3      | Reached XP level 7. HP: 28/36 MP: 10/17
  6434 | D:4      | Killed from afar by an orc priest

Illustrated notes

Levels and vault maps discovered:
D:1:      nzn_arrival_crosshair, layout_basic,
          shapermc_ecumenical_altar_flowoftime, serial_park_tiny_2
D:2:      layout_rooms
D:3:      layout_rooms, serial_undead, serial_undead_e, serial_undead_e,
          serial_undead_f, serial_undead_e, hangedman_decor_peaks_small
D:4:      layout_loops_ring, grunt_temple_overflow_holy_war,
          gammafunk_temple_overflow_arena, slow_altar_1, lemuel_tele_altar

Skill      XL: |  1  2  3  4  5  6 |
---------------+-------------------+-----
Poison Magic   | 4 5 6 |  6.5
Air Magic      | 1 2 3 |  3.1
Spellcasting   | 4 5 |  5.4
Stealth        | 3 4 |  4.4
Dodging        | |  2.4
Transmutations | |  1.1

Action                   |  1- 3 |  4- 6 |  7- 9 || total
-------------------------+-------+-------+-------++-------
Melee: Unarmed           |    10 |     3 |       ||    13
       Dagger            |       |       |     4 ||     4
 Cast: Sting             |    66 |   101 |       ||   167
       Poisonous Vapours |    30 |    26 |     1 ||    57
       Olgreb's Toxic Ra |       |     1 |     1 ||     2
       Ignite Poison     |       |     1 |     1 ||     2
  Use: Potion            |       |       |     1 ||     1
Armor: Robe              |     6 |    57 |       ||    63
Dodge: Dodged            |    19 |   112 |     4 ||   135

Table legend: (Time is in decaauts)
 A = Elapsed time spent in this place.
 B = Non-inter-level travel time spent in this place.
 C = Inter-level travel time spent in this place.
 D = Time resting spent in this place.
 E = Time spent auto-exploring this place.
 F = Levels seen in this place.
 G = Mean time per level.
                   A        B        C        D        E       F      G
               +--------+--------+--------+--------+--------+-----+--------+
         Total |   6453 |   6217 |    236 |   3193 |   2242 |   4 | 1613.2 |
       Dungeon |   6453 |   6217 |    236 |   3193 |   2242 |   4 | 1613.2 |
               +--------+--------+--------+--------+--------+-----+--------+

Top non-repeatable levels by time:
     D:2: 2586 daAuts
     D:3: 2227 daAuts
     D:1: 1233 daAuts
     D:4: 406 daAuts
